 Dungeon Crawl Stone Soup version 0.26.0-10-g1f06aea511 (webtiles) character file.

Game seed: 518581040638840323

7487 Dirian the Carver (level 10, -6/90 HPs)
             Began as a Minotaur Fighter on Jan 22, 2021.
             Was a Priest of the Shining One.
             Engulfed by a fire crab (shapeshifter)'s flame (23 damage)
             ... on level 9 of the Dungeon.
             The game lasted 00:15:05 (10001 turns).

Dirian the Carver (Minotaur Fighter)               Turns: 10001, Time: 00:15:05

Health: -6/90      AC: 16    Str: 22    XL:     10   Next: 94%
Magic:  9/11       EV:  7    Int:  5    God:    the Shining One [***...]
Gold:   602        SH: 19    Dex: 12    Spells: 9/9 levels left

rFire    . . .     SeeInvis .   a - +0 scimitar
rCold    . . .     Faith    .   c - +1 kite shield
rNeg     + . .     Spirit   .   d - +1 plate armour of the Gloaming {rElec Will++}
rPois    .         Reflect  .   (helmet restricted)
rElec    +         Harm     .   (no cloak)
rCorr    .         Rampage  .   (no gloves)
Will     +++..                  k - +0 pair of boots
Stlth    ..........             (no amulet)
HPRegen  0.25/turn              s - ring of willpower
MPRegen  0.12/turn              (no ring)

@: divine shield, glowing
A: retaliatory headbutt, horns 2
a: Renounce Religion, Divine Shield


You were on level 9 of the Dungeon.
You worshipped the Shining One.
The Shining One was most pleased with you.
You visited 1 branch of the dungeon, and saw 9 of its levels.

You collected 602 gold pieces.

Inventory:

Hand Weapons
 a - a +0 scimitar (weapon)
 b - a +0 hand axe of flaming
 m - a +1 long sword
Armour
 c - a +1 kite shield (worn)
 d - the +1 plate armour of the Gloaming (worn) {rElec Will++}
   (You found it on level 5 of the Dungeon)

   It insulates you from electricity.
   It affects your willpower, your defense against some magical effects.
 k - a +0 pair of boots (worn)
Jewellery
 s - a ring of willpower (left hand)
Wands
 e - a wand of disintegration (7)
 h - a wand of flame (13)
 j - a wand of iceblast (6)
 v - a wand of digging (7)
Scrolls
 f - a scroll of enchant armour
 i - a scroll of immolation
 l - a scroll of enchant weapon
 r - 4 scrolls of identify
 t - 2 scrolls of teleportation
 x - 4 scrolls of remove curse
 z - a scroll of blinking
Potions
 g - a potion of attraction
 n - 2 potions of lignification
 o - a potion of berserk rage {unknown}
 p - 2 potions of mutation
 q - 7 potions of curing


   Skills:
 + Level 8.9 Fighting
 + Level 11.8 Long Blades
 + Level 9.3 Armour
 - Level 5.0 Dodging
 + Level 6.7 Shields
 * Level 3.5 Invocations
 - Level 5.0 Evocations


You had 9 spell levels left.
You didn't know any spells.
Your spell library was empty.

Dungeon Overview and Level Annotations

Branches:
Dungeon (9/15)             Temple (0/1) D:4
   Lair: D:8-11         Orc: D:9-12

Altars:
Gozag
Hepliaklqana
Nemelex Xobeh
Okawaru
Ru
Sif Muna
Trog
Uskayaw
Yredelemnul
The Shining One
Beogh


Innate Abilities, Weirdness & Mutations

You reflexively headbutt those who attack you in melee.
You have a pair of horns on your head.


Message History

You hit the fire crab.
The fire crab is heavily wounded.
You are engulfed in blazing flames.
The deep elf mage gestures wildly while chanting.
The deep elf mage blinks!
You block the fire crab's attack. x2
You are engulfed in blazing flames.
* * * LOW HITPOINT WARNING * * *
The deep elf mage hits you but does no damage.
You barely miss the deep elf mage. You headbutt the deep elf mage!
The deep elf mage is almost dead.
The deep elf mage barely misses you. You furiously retaliate!
You headbutt the deep elf mage!
You kill the deep elf mage!
You block the fire crab's attack. The fire crab barely misses you.
You hit the fire crab. You headbutt the fire crab.
The fire crab is severely wounded.
The fire crab breathes flames at you.
The blast of flame engulfs you but does no damage.
You are engulfed in blazing flames.
You die...

#..# #######..#
###........# ###...###÷...#
## ###...###..#...# .#
####...###.##.#........) .#
##....###..#(#.#..#######
.## ##..####○.○.###.#..#
..## ###..###.○○@○.....#..#
#..###...##.J##t○○.###.#..#
#.#...###..#.###○.#.#.#..#
##...###♣.## ..####.##.#..#
...### .. e## ###..# .###
... F[ ### ## .. .t


P o#J # .## You could see a fire crab and a jelly (wandering).

Vanquished Creatures
  Harold (D:6)
  A deep elf mage (D:9)
  2 manticores (D:9)
  Psyche (D:8)
  Maggie (D:7)
  A hornet (D:7)
  Sigmund (D:4)
  6 yaks
  Grum (D:7)
  Menkaure (D:5)
  2 water moccasins
  3 orc warriors
  2 sky beasts
  An ice beast (D:6)
  A necrophage (D:5)
  4 wolves
  A centaur (D:5)
  5 bullfrogs
  A wyvern zombie (D:8)
  2 scorpions
  11 wights
  2 jellies
  A hound (D:7)
  2 orc priests
  6 bullfrog skeletons
  A centaur skeleton (D:7)
  5 orc wizards
  Jessica (D:4)
  4 iguanas
  13 worker ants
  Ijyb (D:3)
  Natasha (thrice) (D:2)
  A killer bee zombie (D:8)
  3 worker ant zombies
  A howler monkey zombie (D:8)
  8 adders
  4 gnolls (D:8)
  A shadow imp (D:8)
  3 white imps
  2 ufetubi
  2 oozes (D:4)
  An adder zombie (D:9)
  2 adder skeletons
  2 worms
  A dart slug (D:1)
  8 leopard geckos
  36 orcs
  2 ball pythons (D:2)
  4 bats
  7 giant cockroaches
  9 goblins
  4 hobgoblins
  3 jackals (D:5)
  6 kobolds
  5 quokkas
  8 frilled lizards
  2 jackal skeletons (D:5)
  A leopard gecko zombie (D:6)
  A quokka skeleton (D:5)
  5 rats
220 creatures vanquished.

Vanquished Creatures (others)
  An orc (D:9)
  A bush (D:5)
2 creatures vanquished.

Grand Total: 222 creatures vanquished

Notes
Turn   | Place    | Note
-------+----------+-------------------------------------------
     0 | D:1      | Dirian the Minotaur Fighter began the quest for the Orb.
     0 | D:1      | Reached XP level 1. HP: 19/19 MP: 0/0
   259 | D:1      | Reached XP level 2. HP: 27/27 MP: 1/1
   799 | D:1      | Reached XP level 3. HP: 33/33 MP: 2/2
  1483 | D:2      | Noticed Natasha
  1495 | D:2      | Killed Natasha
  1496 | D:2      | Reached skill level 3 in Long Blades
  1496 | D:2      | Reached XP level 4. HP: 4/41 MP: 3/3
  1846 | D:2      | Noticed Natasha
  1852 | D:2      | Killed Natasha
  1853 | D:2      | Reached skill level 1 in Evocations
  2027 | D:2      | Noticed Natasha
  2036 | D:2      | Killed Natasha
  2529 | D:3      | Noticed Ijyb
  2543 | D:3      | Killed Ijyb
  2544 | D:3      | Reached XP level 5. HP: 16/47 MP: 4/4
  2816 | D:3      | Found a glowing golden altar of the Shining One.
  3419 | D:3      | Became a worshipper of the Shining One
  3498 | D:4      | Reached skill level 4 in Long Blades
  3498 | D:4      | Reached skill level 1 in Dodging
  3581 | D:4      | Reached skill level 5 in Armour
  3581 | D:4      | Reached XP level 6. HP: 49/53 MP: 5/5
  3744 | D:4      | Found a staircase to the Ecumenical Temple.
  3893 | D:4      | Noticed Sigmund
  3898 | D:4      | Killed Sigmund
  3899 | D:4      | Reached skill level 5 in Fighting
  3899 | D:4      | Reached skill level 5 in Shields
  3899 | D:4      | Reached XP level 7. HP: 61/61 MP: 6/6
  4242 | D:4      | Noticed Jessica
  4248 | D:4      | Found a shimmering blue altar of Sif Muna.
  4277 | D:4      | Killed Jessica
  4428 | D:5      | Entered Level 5 of the Dungeon
  4436 | D:5      | Reached skill level 5 in Long Blades
  4490 | D:5      | Found an iron altar of Okawaru.
  4553 | D:5      | Found an opulent altar of Gozag.
  4567 | D:5      | Got a faintly humming plate armour
  4862 | D:5      | Noticed Menkaure
  4868 | D:5      | Killed Menkaure
  4868 | D:5      | Reached * piety under the Shining One
  4983 | D:5      | Found a hazy altar of Hepliaklqana.
  5092 | D:5      | Reached skill level 6 in Long Blades
  5236 | D:5      | Reached XP level 8. HP: 70/70 MP: 7/7
  5324 | D:5      | Found a bloodstained altar of Trog.
  5449 | D:5      | Identified the +1 plate armour of the Gloaming {rElec
                  | Will++} (You found it on level 5 of the Dungeon)
  6119 | D:6      | Reached skill level 7 in Long Blades
  6164 | D:7      | Reached ** piety under the Shining One
  6201 | D:6      | HP: 2/71 [yak (10)]
  6405 | D:7      | Noticed Harold
  6407 | D:7      | Noticed Maggie
  6662 | D:7      | Reached skill level 8 in Long Blades
  6662 | D:7      | Reached XP level 9. HP: 74/78 MP: 8/8
  6672 | D:7      | Identified the +8 dagger "Worm" {speed, rElec rF+ Dex-5}
  6812 | D:6      | Killed Harold
  6813 | D:6      | Reached skill level 9 in Long Blades
  6813 | D:6      | Reached skill level 5 in Evocations
  7077 | D:7      | Reached skill level 5 in Dodging
  7096 | D:7      | Killed Maggie
  7511 | D:7      | Paralysed by a hornet for 2 turns
  7518 | D:7      | Reached skill level 10 in Long Blades
  7704 | D:7      | Found a sparkling altar of Nemelex Xobeh.
  7818 | D:8      | Noticed Grum
  7826 | D:7      | Killed Grum
  7835 | D:7      | Reached XP level 10. HP: 34/88 MP: 9/9
  8092 | D:8      | Noticed Psyche
  8275 | D:8      | Killed Psyche
  8276 | D:8      | Reached skill level 1 in Invocations
  8375 | D:8      | Reached *** piety under the Shining One
  9238 | D:8      | Reached skill level 11 in Long Blades
  9399 | D:8      | Found a basalt altar of Yredelemnul.
  9434 | D:8      | Found a roughly hewn altar of Beogh.
  9496 | D:9      | Found a sacrificial altar of Ru.
  9576 | D:9      | Found a hide-covered altar of Uskayaw.
  9577 | D:9      | Noticed a +0 dagger
  9578 | D:9      | Noticed a +0 hand axe
  9694 | D:9      | Noticed a manticore
  9694 | D:9      | Noticed a manticore
  9694 | D:9      | Reached **** piety under the Shining One
  9723 | D:9      | Killed a manticore
  9750 | D:9      | Killed a manticore
  9977 | D:9      | Noticed a deep elf mage
  9977 | D:9      | Noticed a fire crab
  9999 | D:9      | Killed a deep elf mage
 10001 | D:9      | Engulfed by a fire crab (shapeshifter)'s flame

Illustrated notes

Levels and vault maps discovered:
D:1:      lightli_arrival_maybe_door_vault, layout_loops_corners
D:2:      layout_loops_corners, uniq_natasha
D:3:      layout_basic, tso_altar, uniq_ijyb
D:4:      layout_cave_pools, tgw_sif, minmay_temple_entry_statues_fountains,
          kennysheep_generic_room_14, uniq_sigmund
D:5:      layout_basic, nicolae_gozag_cash_rules_everything_around_me,
          lemuel_coloured_pillars_altar, nzn_hepliaklqana_mist_gate,
          kennysheep_okawaru_gauntlet, serial_corexii_hall,
          corexii_hall_statues_i, corexii_hall_statues_deadend,
          corexii_hall_statues_x, kb_lookout_dungeons_type, uniq_menkaure
D:6:      layout_basic
D:7:      layout_rooms, basic_altar, kennysheep_small_circle, uniq_maggie,
          uniq_harold
D:8:      layout_cave_pools, kennysheep_mini, special_room [special_room_orc],
          uniq_grum, uniq_psyche
D:9:      minmay_the_grid_triangle_9x9_recursive_2
          [minmay_the_grid_triangle_9x9_prize_schism,
          minmay_the_grid_triangle_9x9_warning,
          minmay_the_grid_triangle_9x9_zippers_vertical,
          minmay_the_grid_triangle_9x9_shrine], layout_basic,
          dancing_weapons_uskayaw, nicolae_ru_sacrificial_ziggurat,
          gammafunk_temple_overflow_forgotten, minmay_parallelograms, uniq_erica

Skill      XL: |  1  2  3  4  5  6  7  8  9 10 |
---------------+-------------------------------+-----
Fighting       | 4 5 6 7 8 |  8.9
Armour         | 4 5 7 8 9 |  9.3
Shields        | 4 5 6 |  6.7
Long Blades    | 3 4 6 8 10 11 | 11.8
Evocations     | 1 2 3 4 5 |  5.0
Dodging        | 1 2 4 5 |  5.0
Invocations    | 3 |  3.5

Action                   |  1- 3 |  4- 6 |  7- 9 | 10-12 || total
-------------------------+-------+-------+-------+-------++-------
Melee: Long sword        |    77 |   113 |   295 |    67 ||   552
       Headbutt          |     8 |    21 |    71 |    55 ||   155
       Scimitar          |       |       |       |   145 ||   145
Invok: Divine Shield     |       |       |       |     3 ||     3
  Use: Potion            |       |     1 |     2 |       ||     3
       Scroll            |       |     8 |     7 |       ||    15
Armor: Scale mail        |    29 |    27 |       |       ||    56
       Chain mail        |       |    25 |   135 |    53 ||   213
       Plate armour      |       |       |       |    22 ||    22
Dodge: Dodged            |    19 |    21 |    68 |    38 ||   146
Block: Kite shield       |    31 |    61 |   176 |   130 ||   398
       Rpst.: Long sword |     4 |     4 |    16 |     3 ||    27
       Scimitar          |       |       |       |     9 ||     9
